 Dungeon Crawl Stone Soup version 0.31.0-9-g3a7656b989 (webtiles) character file.

Game seed: 6158353116933655579

57 qw the Shooter (level 3, -1/20 HPs)
             Began as a Deep Elf Hunter on Feb 2, 2024.
             Slain by a ribbon worm (3 damage)
             ... on level 2 of the Dungeon.
             The game lasted 00:00:04 (936 turns).

qw the Shooter (Deep Elf Hunter)                     Turns: 936, Time: 00:00:05

Health: -1/20      AC:  3    Str: 10    XL:     3   Next: 73%
Magic:  5/5        EV: 12    Int: 13    God:
Gold:   30         SH:  0    Dex: 18    Spells: 2/2 levels left

rFire   . . .        a - +0 shortbow
rCold   . . .        (shield currently unavailable)
rNeg    + . .        c - +0 leather armour
rPois   .            (no helmet)
rElec   .            (no cloak)
rCorr   .            (no gloves)
SInv    .            (no boots)
Will    +....        (no amulet)
Stlth   ++           f - ring of positive energy
HPRegen 0.23/turn    h - ring of willpower
MPRegen 0.09/turn

%: no passive effects
@: no status effects
A: no striking features
a: no special abilities


You were on level 2 of the Dungeon.
You visited 1 branch of the dungeon, and saw 2 of its levels.

You collected 54 gold pieces.
You spent 24 gold pieces at shops.


   Skills:
 - Level 1.5 Fighting
 + Level 7.2 Ranged Weapons
 - Level 2.4 Dodging
 - Level 1.2 Stealth


You had 2 spell levels left.
You didn't know any spells.
Your spell library was empty.

Inventory:

Hand Weapons
 a - a +0 shortbow (weapon)
Armour
 c - a +0 leather armour (worn)
 e - a +0 pair of boots
Jewellery
 f - a ring of positive energy (left hand)
 h - a ring of willpower (right hand)
Scrolls
 g - a scroll of identify
Potions
 b - a potion of heal wounds {unknown}
 d - a potion of haste
 i - a potion of attraction {unknown}

Dungeon Overview and Level Annotations

Branches:
Dungeon (2/15)

Altars:

Shops:
D:1 *


Message History

The rat bites you but does no damage.
You shoot an arrow.
The arrow hits the rat but does no damage.
The rat is moderately wounded.
The quokka bites you. The rat barely misses you.
You shoot an arrow. The arrow barely misses the rat.
The quokka barely misses you. The rat closely misses you.
You shoot an arrow.
The arrow hits the rat but does no damage.
The rat is moderately wounded.
The quokka bites you. The rat bites you. The quokka closely misses you.
You shoot an arrow. The arrow hits the rat.
You kill the rat!
The quokka barely misses you.
You shoot an arrow. The arrow hits the ribbon worm.
The ribbon worm is moderately wounded.
The quokka bites you.
The ribbon worm expels a string of sticky webbing.
The stream of webbing hits you but does no damage.
You are caught in a web!
The quokka bites you.
The web tears apart.
The quokka bites you but does no damage.
The ribbon worm closely misses you.
You shoot an arrow. The arrow hits the ribbon worm.
The ribbon worm is moderately wounded.
The quokka closely misses you.
You shoot an arrow. The arrow hits the ribbon worm.
The ribbon worm is heavily wounded.
The quokka bites you. The ribbon worm bites you.
You shoot an arrow.
The arrow barely misses the ribbon worm.
The quokka closely misses you. The ribbon worm closely misses you.
The quokka barely misses you.
You shoot an arrow. The arrow hits the ribbon worm.
The ribbon worm is heavily wounded.
The ribbon worm bites you. The quokka barely misses you.
You shoot an arrow. The arrow hits the ribbon worm.
The ribbon worm is severely wounded.
The quokka closely misses you. The ribbon worm bites you.
You die...

.#. .# .# .. .. #.# ..
%###... .. .. .##.....#
..#... %...#.# ...... #)....#
#..#. #w#r.# .....###.@..#
.#.# #.......##.# ### ....#
##.#.#.## .. ..# #...#
#.#...# ## #.#
####..##.#..########## #.#
#.......###..........#####.#
#......).#..########.##.##.#
.#.......#.#.# #.#.#.#.#
...........#.########..###..#


You could see a ribbon worm and a quokka.

Vanquished Creatures
  Natasha (D:2)
  A ribbon worm (D:2)
  2 ball pythons (D:1)
  3 bats
  4 endoplasms
  2 giant cockroaches (D:1)
  2 hobgoblins
  6 kobolds
  2 quokkas
  A frilled lizard (D:2)
  A goblin (D:1)
  2 rats (D:2)
27 creatures vanquished.

Notes
Turn   | Place    | Note
-------+----------+-------------------------------------------
     0 | D:1      | qw the Deep Elf Hunter began the quest for the Orb.
     0 | D:1      | Reached XP level 1. HP: 12/12 MP: 3/3
     0 | D:1      | 0 ||| qw: Version: 0.3-a-155-g5e7d8dd
     0 | D:1      | 0 ||| qw: Game counter: 2367
     0 | D:1      | 0 ||| qw: Melee chars always use a shield: true
     0 | D:1      | 0 ||| qw: God list: Okawaru
     0 | D:1      | 0 ||| qw: Allow faded altars: false
     0 | D:1      | 0 ||| qw: Do Orc after clearing Dungeon:15 true
     0 | D:1      | 0 ||| qw: Do second Lair branch before Depths: true
     0 | D:1      | 0 ||| qw: Lair rune preference: random
     0 | D:1      | 0 ||| qw: Goals: Normal
     0 | D:1      | 0 ||| PLANNING D:1-11
    55 | D:1      | You fall into a shaft and drop 1 floor!
    79 | D:2      | 79 ||| UPGRADING to ring of positive energy.
    80 | D:2      | 80 ||| DROPPING scroll of butterflies.
   309 | D:1      | Reached skill level 6 in Ranged Weapons
   309 | D:1      | Reached XP level 2. HP: 16/16 MP: 4/4
   463 | D:1      | Found Xaxkut's Assorted Antiques.
   476 | D:1      | 476 ||| SHOPLISTING 2 fizzy green potions (43 gold, have
                  | 31).
   476 | D:1      | 476 ||| SHOPLISTING helmet (108 gold, have 31).
   476 | D:1      | 476 ||| SHOPLISTING scale mail (96 gold, have 31).
   476 | D:1      | 476 ||| BUYING scroll labelled QUHUMEAMOB (24 gold).
   476 | D:1      | Bought a scroll labelled QUHUMEAMOB for 24 gold pieces
   476 | D:1      | 476 ||| SHOPLISTING scroll labelled WEAHAN GUNWU (24 gold,
                  | have 7).
   476 | D:1      | 476 ||| SHOPLISTING scroll labelled WOYPPA EHA (24 gold,
                  | have 7).
   613 | D:1      | 613 ||| UPGRADING to ring of willpower.
   614 | D:1      | 614 ||| READING scroll labelled JEBRENL HINEP.
   615 | D:1      | 615 ||| READING 3 scrolls labelled QUHUMEAMOB.
   615 | D:1      | 615 ||| IDENTIFYING brown potion
   616 | D:1      | 616 ||| READING 2 scrolls of identify.
   616 | D:1      | 616 ||| IDENTIFYING fizzy green potion
   617 | D:1      | 617 ||| READING scroll of identify.
   617 | D:1      | 617 ||| IDENTIFYING scroll labelled WOYPPA EHA
   618 | D:1      | 618 ||| DROPPING potion of degeneration.
   619 | D:1      | 619 ||| DROPPING scroll of poison.
   716 | D:2      | Noticed Natasha
   718 | D:2      | Killed Natasha
   719 | D:2      | Reached XP level 3. HP: 20/20 MP: 5/5
   749 | D:2      | Reached skill level 7 in Ranged Weapons
   933 | D:2      | HP: 5/20 [ribbon worm (5)]
   935 | D:2      | HP: 2/20 [ribbon worm (4)]
   936 | D:2      | Slain by a ribbon worm

Levels and vault maps discovered:
D:1:      shiori_arrival_oz, layout_basic, serial_shops, nicolae_diamond_shop
D:2:      wander_river, layout_loops_ring, minmay_fractal_squares_5,
          uniq_natasha

Skill      XL: |  1  2  3 |
---------------+----------+-----
Ranged Weapons | 6 7 |  7.2
Fighting       | |  1.5
Dodging        | |  2.4
Stealth        | |  1.2

Action                     || total
---------------------------++-------
   Fire: Shortbow          ||    68
    Use: Scroll            ||     4
 Armour: Leather armour    ||    15
  Dodge: Dodged            ||    24

Table legend:
 A = Non-vault XP
 B = Vault XP
 C = Vault XP percentage of total XP
 D = Non-vault monster count
 E = Vault monster count
 F = Vault count percentage of total count
                 A         B        C        D         E       F
            +---------+---------+-------+---------+---------+-------
      Total |      34 |      48 |  58.5 |      18 |       9 |  33.3
            +---------+---------+-------+---------+---------+-------
        D:1 |      19 |       2 |   9.5 |      10 |       2 |  16.7
        D:2 |      15 |      46 |  75.4 |       8 |       7 |  46.7
            +---------+---------+-------+---------+---------+-------
